 Dungeon Crawl Stone Soup version 0.28.0-43-g3370ac3207 (webtiles) character file.

Game seed: 17761929534807888469

10651 theElss the Fighter (level 11, -12/109 HPs)
             Began as a Gargoyle Berserker on Mar 11, 2022.
             Was a Priest of Trog.
             Mangled by a phantasmal warrior (17 damage)
             ... on level 11 of the Dungeon.
             The game lasted 00:28:03 (14920 turns).

theElss the Fighter (Gargoyle Berserker)           Turns: 14920, Time: 00:28:03

Health: -12/109    AC: 26    Str: 23    XL:     11   Next: 65%
Magic:  11/11      EV: 10    Int: 11    God:    Trog [***...]
Gold:   437        SH:  0    Dex: 15    Spells: 10/10 levels left

rFire   + . .      SeeInvis +   H - +7 war axe of a treasure trove {flame, rF+ Dex+4}
rCold   . . .      Faith    .   (no shield)
rNeg    + . .      Spirit   .   p - +0 plate armour
rPois   ∞          Reflect  .   (no helmet)
rElec   +          Harm     .   n - +1 cloak
rCorr   .          Rampage  .   (no gloves)
Will    +....                   b - +0 pair of boots
Stlth   ..........              (no amulet)
HPRegen 0.28/turn               k - ring of Buleoratt {Int+3 SInv Stlth+}
MPRegen 0.12/turn               o - ring of willpower

@: berserking (expiring), very quick
A: sickness immunity, AC +8, negative energy resistance 1, electricity
resistance, torment resistance 1, petrification resistance
a: Renounce Religion, Berserk, Trog's Hand


You were on level 11 of the Dungeon.
You worshipped Trog.
Trog was most pleased with you.
You visited 1 branch of the dungeon, and saw 11 of its levels.

You collected 662 gold pieces.
You spent 225 gold pieces at shops.

Inventory:

Hand Weapons
 a - a +0 mace
 D - a +2 flail of protection
 H - the +7 war axe of a treasure trove (weapon) {flame, rF+ Dex+4}
   (You found it on level 11 of the Dungeon)

   It burns those it strikes, dealing additional fire damage.
   Big, fiery blades are also staple armaments of hydra-hunters.
   Dex:       It affects your dexterity (+4).
   rF:        It protects you from fire.
Missiles
 l - a throwing net (quivered)
Armour
 b - a +0 pair of boots (worn)
 n - a +1 cloak (worn)
 p - a +0 plate armour (worn)
Jewellery
 k - the ring of Buleoratt (left hand) {Int+3 SInv Stlth+}
   (You found it on level 2 of the Dungeon)

   [ring of see invisible]

   Int:       It affects your intelligence (+3).
   SInv:      It lets you see invisible.
   Stlth:     It makes you more stealthy.
 o - a ring of willpower (right hand)
 s - a ring of willpower
Wands
 y - a wand of polymorph (8)
 G - a wand of paralysis (3)
Scrolls
 c - 5 scrolls of teleportation
 d - a scroll of magic mapping {unknown}
 g - 3 scrolls of vulnerability {unknown}
 h - a scroll of fog {unknown}
 i - 2 scrolls of noise
 j - 4 scrolls of amnesia {unknown}
 m - 3 scrolls of torment
 r - 2 scrolls of fear {unknown}
 t - a scroll of enchant weapon {unknown}
 u - a scroll of silence {unknown}
 z - a scroll of immolation {unknown}
 A - a scroll of enchant armour
 C - 2 scrolls of blinking {unknown}
Potions
 e - 2 potions of curing
 f - 2 potions of lignification
 q - 3 potions of flight
 v - a potion of heal wounds
 w - 2 potions of attraction {unknown}
 x - a potion of mutation {unknown}
 B - 2 potions of might
 E - a potion of resistance {unknown}
 F - a potion of haste


   Skills:
 + Level 10.5 Fighting
 + Level 9.7 Maces & Flails
 + Level 10.2 Armour
 + Level 7.8 Dodging


You had 10 spell levels left.
You didn't know any spells.
Your spell library was empty.

Dungeon Overview and Level Annotations

Branches:
Dungeon (11/15)            Temple (0/1) D:5            Lair (0/6) D:11
    Orc (0/2) D:10

Altars:
Cheibriados
Dithmenos
Elyvilon
Fedhas
Gozag
Hepliaklqana
Makhleb
Ru
Sif Muna
Wu Jian
Xom
Zin
The Shining One
Beogh

Shops:
D:4 *   D:6 ?

Annotations:
D:4 2 transporters, bmj180's ghost, amateur DsNe
D:10 3 exclusions


Innate Abilities, Weirdness & Mutations

You are immune to sickness and miasma.
Your stone body is resilient. (AC +8)
You are immune to poison.
You resist negative energy. (rN+)
You are resistant to electric shocks. (rElec)
You are resistant to unholy torment.
You are immune to petrification.


Message History

You slash the cyclops! You burn the cyclops.
The phantasmal warrior gestures at you.
The storm dragon breathes lightning at you.
The bolt of lightning hits you! You resist. The bolt of lightning hits you!
You resist.
The bolt of lightning hits the storm dragon.
The storm dragon completely resists.
The bolt of lightning hits the storm dragon.
The storm dragon completely resists.
You slice the storm dragon!! You burn the storm dragon!
The storm dragon is heavily wounded.
You slash the cyclops! You burn the cyclops.
You kill the cyclops!
Trog accepts your kill.
The tengu reaver points at you and mumbles some strange words.
The bolt of lightning hits the storm dragon.
The storm dragon completely resists.
The bolt of lightning hits you! You resist.
* * * LOW HITPOINT WARNING * * *
The storm dragon breathes lightning at you.
The bolt of lightning hits you! You resist.
* * * LOW HITPOINT WARNING * * *
The bolt of lightning hits you! You resist.
* * * LOW HITPOINT WARNING * * *
The bolt of lightning hits the storm dragon.
The storm dragon completely resists.
The bolt of lightning hits the storm dragon.
The storm dragon completely resists.
You closely miss the storm dragon.
The storm dragon is heavily wounded.
The phantasmal warrior gestures at you.
The phantasmal warrior blinks!
The storm dragon bites you.
* * * LOW HITPOINT WARNING * * *
The storm dragon claws you but does no damage.
The storm dragon closely misses you.
You slice the storm dragon!! You burn the storm dragon.
The storm dragon is severely wounded.
You slash the phantasmal warrior! You burn the phantasmal warrior.
The phantasmal warrior hits you!
You die...

....###...# #.# #......
......#...#######.# #......
......#...........# +.#####
......#...........# +.#
......#...........#########.#
......#....)................#
......#....))######.........#
......#......#..#W##........#
.######<.....#.#@#.#........#####
.#............##D###.............
.#..##'####..##Q#.##.............
.#..'.....#..#§###(##............
.'..#.....#..## W.#!#............
.##.#.....#..# ##[##............
..#.#######..# .##....#######'#
..#........... # #....#.......#
..#.......... #....#..)....#


You could see a storm dragon, a tengu reaver and a phantasmal warrior.

Vanquished Creatures
  A hydra (D:11)
  Erica (D:9)
  A centaur warrior (D:9)
  A two-headed ogre (D:10)
  3 centaur zombies
  2 cyclopes (D:11)
  2 komodo dragons
  An unseen horror (D:11)
  A hornet (D:8)
  Sigmund (D:2)
  A shadow (D:7)
  Eustachio (D:5)
  A steam dragon (D:7)
  An acid dragon (D:10)
  3 ice beasts
  7 orc warriors
  2 black bears
  A necrophage (D:8)
  4 ogres
  3 centaurs
  3 phantoms (D:7)
  2 bullfrogs
  3 kobold brigands
  2 water moccasin zombies
  A wyvern skeleton (D:5)
  2 water moccasin skeletons
  16 killer bees
  2 howler monkeys (D:10)
  5 wights (D:10)
  3 jellies
  2 bullfrog zombies
  3 hounds
  A gnoll shaman (D:7)
  5 orc priests
  A centaur skeleton (D:6)
  Crazy Yiuf (D:3)
  2 bullfrog skeletons
  6 orc wizards
  3 iguanas
  A killer bee zombie (D:6)
  2 howler monkey zombies
  Robin (D:3)
  12 gnolls
  5 adders
  A howler monkey skeleton (D:4)
  10 river rats (D:6)
  2 shadow imps
  A worm (D:7)
  2 dart slugs
  34 orcs
  5 endoplasms
  4 giant cockroaches
  16 goblins
  9 hobgoblins
  10 quokkas
  7 ball pythons
  5 bats
  A frilled lizard (D:3)
  15 kobolds
  19 rats
263 creatures vanquished.

Vanquished Creatures (others)
  24 plants
24 creatures vanquished.

Grand Total: 287 creatures vanquished

Notes
Turn   | Place    | Note
-------+----------+-------------------------------------------
     0 | D:1      | theElss the Gargoyle Berserker began the quest for the Orb.
     0 | D:1      | Reached XP level 1. HP: 14/14 MP: 1/1
   309 | D:1      | Found a faded altar of an unknown god.
   403 | D:1      | Reached XP level 2. HP: 16/19 MP: 2/2
  1152 | D:1      | Reached XP level 3. HP: 23/23 MP: 3/3
  1159 | D:1      | Reached ** piety under Trog
  1679 | D:2      | Identified the ring of Buleoratt {Int+3 SInv Stlth+}
  1704 | D:2      | Noticed Sigmund
  1725 | D:2      | Killed Sigmund
  1726 | D:2      | Reached XP level 4. HP: 10/30 MP: 4/4
  1726 | D:2      | Reached XP level 5. HP: 12/34 MP: 5/5
  2291 | D:3      | Reached XP level 6. HP: 39/39 MP: 6/6
  2403 | D:3      | Noticed Robin
  2412 | D:3      | Killed Robin
  3347 | D:3      | Found a glowing silver altar of Zin.
  3378 | D:3      | Found a runed translucent door.
  3379 | D:3      | Noticed Crazy Yiuf
  3391 | D:3      | Killed Crazy Yiuf
  3564 | D:3      | Found an ornate altar of the Wu Jian Council.
  3599 | D:3      | Found a blossoming altar of Fedhas.
  3649 | D:3      | Reached skill level 5 in Fighting
  3776 | D:3      | Found an opulent altar of Gozag.
  3778 | D:3      | Found a sacrificial altar of Ru.
  3999 | D:4      | Found a hazy altar of Hepliaklqana.
  4053 | D:4      | Found Nairyr's Assorted Antiques.
  4155 | D:4      | Found a transporter.
  4159 | D:4      | Noticed bmj180's ghost (amateur DsNe)
  4185 | D:4      | Reached XP level 7. HP: 44/44 MP: 7/7
  4456 | D:4      | Found a transporter.
  4492 | D:4      | Found a shadowy altar of Dithmenos.
  4892 | D:5      | Entered Level 5 of the Dungeon
  5097 | D:5      | Reached skill level 5 in Maces & Flails
  5263 | D:5      | Reached skill level 5 in Armour
  5263 | D:5      | Reached XP level 8. HP: 17/51 MP: 8/8
  5690 | D:5      | Found a staircase to the Ecumenical Temple.
  5788 | D:5      | Found a shimmering blue altar of Sif Muna.
  5899 | D:5      | Found a white marble altar of Elyvilon.
  6112 | D:5      | Noticed Eustachio
  6188 | D:5      | Killed Eustachio
  6189 | D:5      | Reached XP level 9. HP: 56/56 MP: 9/9
  6246 | D:5      | Noticed a komodo dragon
  6262 | D:5      | Killed a komodo dragon
  6263 | D:5      | Reached skill level 5 in Dodging
  7352 | D:6      | Reached *** piety under Trog
  7543 | D:6      | Found a burning altar of Makhleb.
  7569 | D:6      | Found Diemia's Magic Scroll Emporium.
  7578 | D:6      | Bought a scroll of teleportation for 33 gold pieces
  7578 | D:6      | Bought a scroll of teleportation for 33 gold pieces
  7578 | D:6      | Bought a scroll of identify for 22 gold pieces
  7578 | D:6      | Bought a scroll of identify for 22 gold pieces
  7578 | D:6      | Bought a scroll of identify for 22 gold pieces
  7578 | D:6      | Bought a scroll of noise for 11 gold pieces
  7578 | D:6      | Bought a scroll of enchant armour for 82 gold pieces
  7921 | D:7      | Found a shimmering altar of Xom.
  8646 | D:7      | Reached XP level 10. HP: 60/64 MP: 10/10
  9202 | D:7      | Found a snail-covered altar of Cheibriados.
 10671 | D:9      | Noticed a centaur warrior
 10681 | D:9      | Killed a centaur warrior
 11215 | D:9      | Noticed Erica
 11235 | D:9      | Killed Erica
 11616 | D:10     | Entered Level 10 of the Dungeon
 12201 | D:10     | Reached XP level 11. HP: 67/71 MP: 11/11
 12811 | D:10     | Found a glowing golden altar of the Shining One.
 12949 | D:10     | Reached **** piety under Trog
 13543 | D:10     | Noticed a two-headed ogre
 13554 | D:10     | Killed a two-headed ogre
 13555 | D:10     | Reached skill level 10 in Fighting
 13584 | D:10     | Found a staircase to the Orcish Mines.
 14225 | D:11     | Noticed a cyclops
 14235 | D:11     | Killed a cyclops
 14487 | D:11     | Noticed a six-headed hydra
 14495 | D:11     | Killed a six-headed hydra
 14496 | D:11     | Reached skill level 10 in Armour
 14633 | D:11     | Identified the +7 war axe of a treasure trove {flame, rF+
                  | Dex+4}
 14712 | D:11     | Found a staircase to the Lair.
 14911 | D:11     | Noticed a tengu reaver
 14911 | D:11     | Noticed a storm dragon
 14912 | D:11     | Noticed a phantasmal warrior
 14912 | D:11     | Noticed a cyclops
 14918 | D:11     | Killed a cyclops
 14919 | D:11     | HP: 5/109 [storm dragon (5)]
 14920 | D:11     | Mangled by a phantasmal warrior

Illustrated notes

Levels and vault maps discovered:
D:1:      minmay_arrival_checkered_box, layout_basic,
          nicolae_ecumenical_snake_handling, minmay_tripent
D:2:      layout_loops_cross, kennysheep_generic_room_4, uniq_sigmund
D:3:      wad_woods_settlement, layout_basic, nzn_wu_jian_contemplation,
          fedhas_altar_4, grunt_temple_overflow_open,
          mainiacjoe_overflow_boulevard, uniq_robin, uniq_crazy_yiuf_cottage
D:4:      layout_loops_cross, nicolae_dithmenos_through_a_glass_darkly,
          mainiacjoe_overflow_six_doors_small, serial_shops, shop_statue,
          gammafunk_ghost_stat_death, serial_forest, infiniplex_forest_split,
          infiniplex_forest_end_1, infiniplex_forest_clump_curved,
          infiniplex_forest_clump_cross, infiniplex_forest_lined_3,
          infiniplex_forest_clump_small, infiniplex_forest_clump_tiny
D:5:      nicolae_cairo_tiling_very_big, layout_loops_ring,
          mainiacjoe_overflow_small_starburst, old_standard_altar,
          grunt_tough_drop, uniq_eustachio
D:6:      lemuel_ratsnest, layout_loops_corners, lemuel_crystal_altar,
          serial_shops, nicolae_shop_crystal
D:7:      layout_cave_pods, cheibrodos_worm_habitat,
          mainiacjoe_overflow_concentric_impassable
D:8:      layout_basic, minmay_misc_feat_rugged
D:9:      layout_loops_ring, special_room [special_room_orc], uniq_erica
D:10:     nicolae_whirlpool, layout_cave_pods, nicolae_overflow_hidden_temple,
          orc_0_dummy
D:11:     minmay_glassy_protrusions, layout_irregular_city, david_lair_shrubbed

Skill      XL: |  1  2  3  4  5  6  7  8  9 10 11 |
---------------+----------------------------------+-----
Dodging        | 2 3 4 5 7 |  7.8
Fighting       | 4 5 6 8 9 10 | 10.5
Maces & Flails | 4 5 6 7 8 9 |  9.7
Armour         | 3 4 5 6 7 9 10 | 10.2

Action                   |  1- 3 |  4- 6 |  7- 9 | 10-12 || total
-------------------------+-------+-------+-------+-------++-------
Melee: Mace              |    93 |   149 |   512 |   386 ||  1140
       Punch             |     1 |       |    12 |     8 ||    21
       Flail             |       |       |       |   146 ||   146
       War axe           |       |       |       |    15 ||    15
Invok: Berserk           |     1 |     4 |    15 |    18 ||    38
       Trog's Hand       |       |       |     3 |     4 ||     7
  Use: Scroll            |       |       |     5 |       ||     5
       Potion            |       |       |       |     1 ||     1
Armor: Leather armour    |     8 |       |       |       ||     8
       Animal skin       |     4 |       |       |       ||     4
       Chain mail        |    37 |    71 |       |       ||   108
       Plate armour      |       |     9 |   424 |   462 ||   895
Dodge: Dodged            |    52 |    66 |   212 |   333 ||   663
